AoeStats
← 不爽就點

Arena

507562602Analyzed
1v1 RM · 12d ago on Sep 18, 2026· 36m 48s· 2 players
Game mode
Random Map
Map size
Tiny (2 player)
Population
200
Speed
Normal
Resources
Standard
Victory
Conquest
Starting age
Dark Age
Ending age
Imperial Age
RankedLock teamsTeams togetherTeam positionsShared explorationLock speedFull tech treeHidden civsTurbo modeCheats
Victory
Defeat
🇹🇼 Magyars · Taiwan
1345
+33
🇦🇷 Teutons · Argentina
1318
-15
DS_Luffy
6:44 Loom
8:51 Feudal Age
20:42 Castle Age
21:00 Double-Bit Axe
28:46 Imperial Age
27:27 Gold Mining
30:01 Bow Saw
32:10 Chemistry
不爽就點
6:53 Loom
9:46 Feudal Age
16:40 Double-Bit Axe
19:03 Scale Barding Armor
18:57 Horse Collar
19:15 Gold Mining
21:31 Castle Age
22:50 Bow Saw
24:09 Wheelbarrow
26:48 Wheelbarrow
26:47 Heavy Plow
26:50 Stone Mining
30:11 Chain Barding Armor
32:52 Hand Cart
34:09 Gold Shaft Mining
34:21 Devotion
36:23 Corvinian Army
Connection lost

Rejoining the realm…

Still unreachable

The connection could not be restored.

Session expired

The server has moved on; the page needs a fresh start.